Bob, chaotic male orcish Wizard ----- |{<.- | |..@|# ......... |.a..### .>............| ---.-f ........| --------- . .. . .. --- Bob the Conjurer Experience level: 5 Strength: 15 Dexterity: 11 Constitution: 16 Intelligence: 14 Wisdom: 11 Charisma: 11 Health: 0(34) Energy: 36(41) Def: 6 Gold: 315 Moves: 2493 Dungeon seed: mUHFeq23ZuelBBad Game ID: Bob_1545504849 Your Inventory: Coins $ - 315 gold pieces Amulets E - an uncursed amulet versus poison Weapons a - a blessed +1 quarterstaff (weapon in hands) y - a +0 sling C - a +0 sling D - 12 +0 darts G - a cursed -1 arrow H - a +0 arrow I - a cursed +0 arrow M - a +0 orcish dagger Armor e - an uncursed +0 cloak of magic resistance (being worn) q - an uncursed +0 elven mithril-coat (being worn) N - a blessed +3 orcish helm Comestibles J - an uncursed food ration Scrolls i - an uncursed scroll of remove curse j - 2 uncursed scrolls of destroy armor s - an uncursed scroll of enchant armor t - a blessed scroll of teleportation v - an uncursed scroll of charging F - an uncursed scroll of blank paper K - an uncursed scroll of punishment L - an uncursed scroll of identify P - a cursed scroll of magic mapping R - an uncursed scroll of gold detection Spellbooks l - a blessed spellbook of force bolt m - an uncursed spellbook of confuse monster Potions f - a potion of holy water g - an uncursed potion of paralysis h - an uncursed potion of see invisible p - an uncursed potion of fruit juice r - an uncursed potion of water z - an uncursed potion of invisibility B - an uncursed potion of confusion Rings c - an uncursed ring of poison resistance d - an uncursed ring of warning A - an uncursed ring of see invisible Wands b - a wand of sleep (0:8) u - a wand of opening (0:5) Tools n - a magic marker (0:50) o - an uncursed blindfold w - an uncursed bell Q - an uncursed tin whistle Gems O - an uncursed jade stone Y - 2 uncursed worthless pieces of orange glass Spells and supernatural/magical abilities: Name Level Category Fail Memory a - force bolt 1 attack 53% 88% u - confuse monster 2 enchantment 53% 88% W - pray for help -- divine ? -- Your skills at the end: Fighting Skills Weapon Skills quarterstaff [Basic] Spellcasting Skills attack spells [Basic] enchantment spells [Basic] Final Attributes: You had sinned. You were poison resistant. You were magic-protected. You were telepathic. You had infravision. You were lucky. You are dead. Vanquished creatures: 3 giant ants 3 floating eyes a kobold lord 2 hill orcs 3 rothes 2 hobbits a large kobold a hobgoblin 6 giant rats 2 cave spiders a brown mold a yellow mold 2 geckos a jackal 2 foxes 2 kobolds 2 goblins 2 sewer rats 5 grid bugs a bat 2 lichens 4 kobold zombies 4 newts 53 creatures vanquished. Voluntary challenges: You used a wielded weapon 49 times, starting on turn 236. You read items or engraved 2 times, starting on turn 1177. You never genocided any monsters. You never polymorphed an object. You never changed form. You used no wishes. You never split a pudding. You wrote Elbereth's name 2 times, starting on turn 1177. You violated your moral code, losing 59 points of alignment, starting on turn 1655. Dungeon overview: The Dungeons of Doom: levels 1 to 7 Level 1 a fountain a long staircase Level 2 a general store a long staircase Level 3 a fountain Level 4 some fountains Level 5 an altar to Thoth, a fountain, a sink Level 6 many fountains Level 7 <- You were here a fountain History has recorded: On T:1 you entered the Dungeons of Doom to retrieve the Amulet of Yendor! On T:381 you reached level 2 of The Dungeons of Doom. On T:763 you advanced to experience level 2. On T:842 you reached level 3 of The Dungeons of Doom. On T:1166 you reached level 4 of The Dungeons of Doom. On T:1320 you advanced to experience level 3. On T:1587 you reached level 5 of The Dungeons of Doom. On T:1839 you advanced to experience level 4. On T:2145 you reached level 6 of The Dungeons of Doom. On T:2339 you advanced to experience level 5. On T:2475 you reached level 7 of The Dungeons of Doom. Score breakdown: Gold: 315 ( 8503 points) Experience: 5 levels (11141 points) Exploration: 7 levels ( 15.22%) (10954 points) Discoveries: 1 item ( 0.36%) ( 1805 points) Valuables value: (no points given unless you survive) Artifact value: 0 ( 0 points) Variety of kills: 23 monsters ( 6.04%) ( 7370 points) Turncount: 2493 turns ( -326 points) Survival: died (score multiplied by 80%) Total score: 31557 Latest messages: You hit the giant ant. The giant ant bites! The giant ant misses. You miss the giant ant. The giant ant bites! The spell hits the giant ant! You kill the giant ant! The spell hits the giant ant! The giant ant bites! (2x) You displace your kitten. The giant ant bites! You miss the giant ant. The giant ant bites! (2x) You miss the giant ant. The giant ant bites! (2x) The door resists! The giant ant bites! The door opens. The giant ant bites! You die... Final status: Goodbye Bob the Wizard, killed by a giant ant... You died in The Dungeons of Doom on dungeon level 7 with 31557 points, and 315 pieces of gold, after 2493 moves. You were level 5 with a maximum of 34 hit points when you died.